[Event "Titled Tuesday Blitz March 07 Early 2023"]
[White "Hamedi Nia, Vesal"]
[Black "Tagliati, Eleonore"]
[WhiteFideId "12542253"]
[BlackFideId "45172234"]
[WhiteElo "1822"]
[BlackElo "2208"]
[Result "0-1"]
[Round "03"]
[TimeControl "180+2"]
[Date "2023.03.07"]
[WhiteClock "0:00:03"]
[BlackClock "0:00:07"]

1. d4 d5 2. c4 c6 3. cxd5 cxd5 4. Nc3 Nf6 5. Bf4 a6 6. e3 Nc6 7. Bd3 e6 8. Nf3 Bd6 9. Bxd6 Qxd6 10. O-O O-O 11. Rc1 b5 12. a3 Bb7 13. Ne2 Rac8 14. b4 Nd7 15. Ng3 Nb6 16. Qb3 Nc4 17. Rb1 Rb8 18. a4 Ba8 19. axb5 axb5 20. Rfc1 Rfc8 21. Ne2 Ne7 22. Nc3 Bc6 23. Ra1 Ra8 24. h3 h6 25. e4 dxe4 26. Nxe4 Qd8 27. Ne5 Qxd4 28. Nxc6 Nxc6 29. Rxa8 Rxa8 30. Bxc4 bxc4 31. Qxc4 Qxc4 32. Rxc4 Ra1+ 33. Kh2 Ne5 34. Rc8+ Kh7 35. Nd6 Rb1 36. b5 Rb2 37. f4 Ng6 38. f5 exf5 39. Nxf7 Rxb5 40. Kg3 Rb3+ 41. Kf2 Rb7 42. Nd6 Rd7 43. Nxf5 Rf7 44. g4 Ne7 45. Rc5 Nxf5 46. gxf5 g6 47. Kg3 Rxf5 48. Rc7+ Kg8 49. h4 Rf7 50. Rc8+ Kg7 51. Rc6 h5 52. Rd6 Kh6 53. Rb6 Ra7 54. Rc6 Ra4 55. Rc8 Rg4+ 0-1


[Site "https://www.chess.com"]

[Event "Titled Tuesday Blitz March 07 Early 2023"]
[White "Comas Fabrego, Lluis"]
[Black "Valle Maytin, Luis Enrique"]
[WhiteFideId "2200325"]
[BlackFideId "3503666"]
[WhiteElo "2523"]
[BlackElo "2225"]
[Result "0-1"]
[Round "03"]
[TimeControl "180+2"]
[Date "2023.03.07"]
[WhiteClock "0:00:07"]
[BlackClock "0:00:03"]

1. Nf3 d5 2. d4 Nf6 3. c4 c6 4. cxd5 cxd5 5. Nc3 Nc6 6. Bf4 g6 7. e3 Bg7 8. Bd3 O-O 9. O-O a6 10. h3 Kh8 11. Ne5 Bf5 12. Nxc6 bxc6 13. Bxf5 gxf5 14. Be5 Rg8 15. Na4 Nd7 16. Bxg7+ Rxg7 17. Qf3 Qa5 18. b3 Rag8 19. g3 Qc7 20. Kg2 Nf6 21. Nc5 Nh5 22. Qxh5 Rxg3+ 23. Kh1 Rg2 24. f4 Qa5 25. Qd1 R2g3 26. Rf3 Rg2 27. Qe1 Qa3 28. Nd3 Qd6 29. Ne5 Qe6 30. Qh4 f6 31. Nd3 Qe4 32. Raf1 Qxd3 33. Qh6 Qe4 0-1


[Site "https://www.chess.com"]

[Event "Titled Tuesday Blitz March 07 Early 2023"]
[White "Hindermann, Felix"]
[Black "Araujo, Everson De Moura"]
[WhiteFideId "1305212"]
[BlackFideId "22737197"]
[WhiteElo "2206"]
[BlackElo "2035"]
[Result "1-0"]
[Round "03"]
[TimeControl "180+2"]
[Date "2023.03.07"]
[WhiteClock "0:00:45"]
[BlackClock "0:00:42"]

1. e4 e6 2. d4 d5 3. e5 c5 4. c3 Nc6 5. Be3 Qb6 6. Qd2 cxd4 7. cxd4 Bd7 8. Nc3 Rc8 9. Nf3 Nge7 10. Bd3 Nb4 11. Bb1 Ng6 12. h4 Nc6 13. h5 Nge7 14. h6 g6 15. Bg5 Nf5 16. Bf6 Rg8 17. Bxf5 gxf5 18. g3 Be7 19. Bxe7 Nxe7 20. Ng5 Nc6 21. Nxh7 Nxd4 22. Nf6+ Kd8 23. h7 Rh8 24. Qh6 Qxb2 25. O-O Qxc3 26. Qg7 Ke7 27. Nxd5+ exd5 28. Qf6+ Ke8 29. Qxh8+ Ke7 30. Qf6+ Ke8 31. h8=Q# 1-0


[Site "https://www.chess.com"]

[Event "Titled Tuesday Blitz March 07 Early 2023"]
[White "Kuchava, Ana"]
[Black "Shevtchenko, Olesya"]
[WhiteFideId "13605348"]
[BlackFideId "24131890"]
[WhiteElo "2001"]
[BlackElo "2003"]
[Result "0-1"]
[Round "03"]
[TimeControl "180+2"]
[Date "2023.03.07"]
[WhiteClock "0:00:06"]
[BlackClock "0:01:43"]

1. d4 h5 2. c4 h4 3. Nc3 Nf6 4. h3 d5 5. cxd5 Nxd5 6. Nf3 g6 7. e4 Nxc3 8. bxc3 c5 9. Bg5 Bg7 10. Bxh4 cxd4 11. cxd4 Nc6 12. e5 Nxd4 13. Qxd4 Qxd4 14. Nxd4 Rxh4 15. Bb5+ Kf8 16. Nf3 Re4+ 17. Kf1 Bxe5 18. Rd1 Bd6 19. g3 Be6 20. Rd2 Rb4 21. Bd3 Ra4 22. Bb1 Rc8 23. Kg2 Kg7 24. Rhd1 Rc3 25. Nd4 Bd5+ 26. Kh2 Bc4 27. Ne2 Rca3 28. Rc1 Bxa2 0-1


[Site "https://www.chess.com"]

[Event "Titled Tuesday Blitz March 07 Early 2023"]
[White "Hartikainen, Jarmo"]
[Black "Mushini Ajay"]
[WhiteFideId "503134"]
[BlackFideId "35066188"]
[WhiteElo "2196"]
[BlackElo "2145"]
[Result "1-0"]
[Round "03"]
[TimeControl "180+2"]
[Date "2023.03.07"]
[WhiteClock "0:00:10"]
[BlackClock "0:00:11"]

1. e4 Nc6 2. Nf3 Nf6 3. Nc3 e5 4. Bb5 Bc5 5. O-O d6 6. d4 exd4 7. Nxd4 Bd7 8. Bxc6 Bxc6 9. Nxc6 bxc6 10. Bg5 h6 11. Bh4 g5 12. Bg3 h5 13. e5 h4 14. exf6 hxg3 15. Ne4 gxf2+ 16. Kh1 Bb6 17. Qg4 Qd7 18. Qxd7+ Kxd7 19. Nxf2 Rh4 20. g3 Rd4 21. Rad1 Re8 22. Rxd4 Bxd4 23. c3 Bxf2 24. Rxf2 g4 25. h3 gxh3 26. Kh2 Re5 27. Kxh3 Ke6 28. g4 Rg5 29. Kh4 Ra5 30. g5 Rxa2 31. g6 Ra4+ 32. Kg5 Ra5+ 33. Kh6 Rb5 34. Kg7 fxg6 35. Re2+ Kf5 36. f7 Kg4 37. f8=Q g5 38. Rg2+ Kh4 39. Qf2+ Kh3 40. Qf3+ Kh4 41. Qg4# 1-0


[Site "https://www.chess.com"]

[Event "Titled Tuesday Blitz March 07 Early 2023"]
[White "mestrefeitosa19"]
[Black "Vasques, Antonio Pedro Freixial"]
[BlackFideId "1908332"]
[WhiteElo "2196"]
[BlackElo "2212"]
[Result "1-0"]
[Round "03"]
[TimeControl "180+2"]
[Date "2023.03.07"]
[WhiteClock "0:00:39"]
[BlackClock "0:00:45"]

1. c4 b6 2. Nc3 Bb7 3. d4 Nf6 4. Nf3 g6 5. d5 Bg7 6. e4 O-O 7. Be2 c5 8. O-O d6 9. Bg5 e5 10. Qd2 Na6 11. Bh6 Bxh6 12. Qxh6 Ng4 13. Qh3 Bc8 14. Qg3 Kg7 15. Nh4 Nh6 16. f4 f6 17. fxe5 fxe5 18. Rxf8 Qxf8 19. Rf1 Qe7 20. Bh5 Qe8 21. Qg5 Ng8 22. Nf5+ Bxf5 23. exf5 Nc7 24. Ne4 Rd8 25. f6+ Kf7 26. Bg4 h6 27. Qh4 Qa4 28. Qh3 Qxc4 29. Be6+ Nxe6 30. Qxe6+ Kf8 31. Nxd6 Qd4+ 32. Kh1 e4 33. Qf7# 1-0


[Site "https://www.chess.com"]

[Event "Titled Tuesday Blitz March 07 Early 2023"]
[White "Rosh Jain"]
[Black "Kujawski, Adam"]
[WhiteFideId "25789465"]
[BlackFideId "1100920"]
[WhiteElo "2233"]
[BlackElo "2054"]
[Result "1-0"]
[Round "03"]
[TimeControl "180+2"]
[Date "2023.03.07"]
[WhiteClock "0:01:14"]
[BlackClock "0:00:09"]

1. e4 e5 2. Nf3 Nc6 3. Bb5 a6 4. Ba4 Nf6 5. O-O Be7 6. Re1 b5 7. Bb3 O-O 8. c3 d5 9. exd5 Nxd5 10. Nxe5 Nxe5 11. Rxe5 c6 12. Bxd5 cxd5 13. d4 Bd6 14. Re1 Qh4 15. g3 Qh3 16. Qd3 Bg4 17. Qf1 Qh5 18. Be3 f5 19. f4 g5 20. Nd2 Rae8 21. Qf2 Kh8 22. a4 Rxe3 23. Rxe3 gxf4 24. gxf4 Qh6 25. Rae1 Bxf4 26. Re6 Qg5 27. h4 Qg7 28. Qxf4 Rg8 29. Qe5 1-0


[Site "https://www.chess.com"]

[Event "Titled Tuesday Blitz March 07 Early 2023"]
[White "Alahakoon, Isuru"]
[Black "Sabar, Ethmane Daouda"]
[WhiteFideId "9900993"]
[BlackFideId "19600097"]
[WhiteElo "1995"]
[BlackElo "1950"]
[Result "1-0"]
[Round "03"]
[TimeControl "180+2"]
[Date "2023.03.07"]
[WhiteClock "0:01:27"]
[BlackClock "0:00:56"]

1. Nf3 Nf6 2. d4 g6 3. Nc3 Bg7 4. e4 d6 5. Bf4 Nbd7 6. Qd2 e5 7. dxe5 dxe5 8. Nxe5 Nxe5 9. Qxd8+ Kxd8 10. Bxe5 c6 11. O-O-O+ Ke8 12. f3 Be6 13. Be2 Nh5 14. Bxg7 Nxg7 15. Rd2 Ke7 16. Rhd1 Rhd8 17. Rxd8 Rxd8 18. Rxd8 Kxd8 19. Kd2 Kd7 20. Ke3 f6 21. f4 Kd6 22. g4 Ne8 23. f5 Bf7 24. b3 b6 25. h4 Ke5 26. Bf3 Nd6 27. Ne2 b5 28. Nd4 Be8 29. Bg2 Nb7 30. Nf3+ Kd6 31. Kf4 c5 32. g5 fxg5+ 33. hxg5 gxf5 34. exf5 Ke7 35. f6+ Kf7 36. Ne5+ 1-0


[Site "https://www.chess.com"]

[Event "Titled Tuesday Blitz March 07 Early 2023"]
[White "babbilator"]
[Black "Sanchez, Robert"]
[BlackFideId "2034360"]
[WhiteElo "2185"]
[BlackElo "2349"]
[Result "1-0"]
[Round "03"]
[TimeControl "180+2"]
[Date "2023.03.07"]
[WhiteClock "0:00:13"]
[BlackClock "0:01:44"]

1. e4 e6 2. Nc3 d5 3. d4 Nf6 4. e5 Ne4 5. f4 Qh4+ 6. g3 Nxg3 7. Nf3 Qh5 8. Rg1 Nxf1 9. Rxf1 a6 10. Be3 Nd7 11. Qd2 c5 12. O-O-O c4 13. Ne2 b5 14. Ng3 Qg4 15. Qg2 Be7 16. h3 Qg6 17. h4 h6 18. h5 Qh7 19. Rg1 b4 20. Ne2 Rg8 21. f5 Qxf5 22. Bxh6 a5 23. Bxg7 a4 24. h6 b3 25. Ng3 Qh7 26. a3 c3 27. Rd3 cxb2+ 28. Kxb2 Ba6 29. Rc3 Nb6 30. cxb3 axb3 31. Nd2 Na4+ 1-0


[Site "https://www.chess.com"]

[Event "Titled Tuesday Blitz March 07 Early 2023"]
[White "Prudnykova, Olga"]
[Black "Gamage, Wanshini Vidusama"]
[WhiteFideId "14121093"]
[BlackFideId "9953752"]
[WhiteElo "2113"]
[BlackElo "2178"]
[Result "1-0"]
[Round "03"]
[TimeControl "180+2"]
[Date "2023.03.07"]
[WhiteClock "0:00:20"]
[BlackClock "0:00:12"]

1. e4 c5 2. Nf3 d6 3. Nc3 Nf6 4. e5 dxe5 5. Nxe5 Nbd7 6. d4 cxd4 7. Qxd4 a6 8. Bc4 e6 9. Bf4 Bc5 10. Qd2 O-O 11. O-O-O Qe7 12. Nxd7 Bxd7 13. Bg5 Bc6 14. Qf4 b5 15. Bd3 b4 16. Ne4 Bxe4 17. Bxe4 Rac8 18. Qh4 h6 19. Bxf6 Qxf6 20. Qxf6 gxf6 21. f3 Rfd8 22. Bb7 Rb8 23. Bxa6 Be3+ 24. Kb1 Kf8 25. Rhe1 Bf4 26. h3 Bg3 27. Rf1 Ke7 28. Rd3 Rxd3 29. Bxd3 f5 30. Rc1 Bf4 31. Rd1 Rd8 32. a3 bxa3 33. bxa3 Ra8 34. Kb2 Be5+ 35. Kb3 Rb8+ 36. Kc4 Ra8 37. Kb4 Rb8+ 38. Bb5 Bd6+ 39. Kc4 Rc8+ 40. Kb3 e5 41. a4 e4 42. Re1 Bg3 43. Re2 Kd6 44. fxe4 fxe4 45. Rxe4 f5 46. Rd4+ Ke5 47. Rd7 Kf6 48. Rh7 Kg6 49. Re7 Kf6 50. Re3 Bf2 51. Rf3 Be1 52. c4 Ke5 53. Rxf5+ Kxf5 54. Bd7+ Ke5 55. Bxc8 Kd6 56. Bb7 Kc5 57. Bf3 Bg3 58. Bd5 h5 59. Bf7 h4 60. Be8 Kb6 61. Bb5 Bf2 62. Kc3 Be1+ 63. Kd3 Bf2 64. Ke4 Bg3 65. Kd5 Bf2 66. Ke4 Bg3 67. Kf3 Be1 68. Ke3 Bg3 69. Kd4 Bf2+ 70. Kc3 Bg3 71. Kb4 Be1+ 72. Kb3 Bg3 73. Kc2 Bf2 74. Kd3 Bg3 75. Kd4 Bf2+ 76. Kd5 Bg3 77. c5+ Ka5 78. Kc6 Bf4 79. Kb7 Bg3 80. c6 Bd6 81. c7 Be7 82. c8=Q Bf6 83. Qc6 1-0


[Site "https://www.chess.com"]

[Event "Titled Tuesday Blitz March 07 Early 2023"]
[White "Vaglio Munoz, Jaime"]
[Black "Kiseleva, Arina"]
[WhiteFideId "6500145"]
[BlackFideId "4164989"]
[WhiteElo "2199"]
[BlackElo "1756"]
[Result "1-0"]
[Round "03"]
[TimeControl "180+2"]
[Date "2023.03.07"]
[WhiteClock "0:00:34"]
[BlackClock "0:00:03"]

1. e4 c6 2. Nf3 d5 3. d3 Bg4 4. Nbd2 e6 5. Be2 Nf6 6. O-O Nbd7 7. h3 Bxf3 8. Bxf3 Bd6 9. Re1 Bc7 10. g3 h5 11. Bg2 h4 12. gxh4 dxe4 13. Nxe4 Nxe4 14. Rxe4 Rxh4 15. Be3 Rxe4 16. dxe4 Qf6 17. c3 O-O-O 18. Bxa7 Ne5 19. Qe2 Ng6 20. Be3 Qe5 21. Rd1 Qh2+ 22. Kf1 Nh4 23. Rxd8+ Kxd8 24. Bg5+ f6 25. Bxh4 g5 26. Bg3 Bxg3 27. fxg3 Qxg3 28. Qf2 Qe5 29. Qd4+ Qxd4 30. cxd4 Ke7 31. b4 Kd6 32. Ke2 b6 33. Kd3 e5 34. a4 exd4 35. Kxd4 Ke6 36. Bf1 Kd6 37. Bc4 c5+ 38. bxc5+ bxc5+ 39. Ke3 Ke5 40. a5 Kd6 41. a6 Kc7 42. Kf3 1-0


[Site "https://www.chess.com"]

[Event "Titled Tuesday Blitz March 07 Early 2023"]
[White "Aanan, Shafiuddin"]
[Black "Rostomyan, Mikayel"]
[WhiteFideId "3242633"]
[BlackFideId "13313754"]
[WhiteElo "1648"]
[BlackElo "2009"]
[Result "0-1"]
[Round "03"]
[TimeControl "180+2"]
[Date "2023.03.07"]
[WhiteClock "0:00:12"]
[BlackClock "0:01:37"]

1. e4 c5 2. Nc3 Nc6 3. Bb5 Nd4 4. Nf3 a6 5. Bd3 g6 6. Nxd4 cxd4 7. Ne2 Bg7 8. c3 dxc3 9. dxc3 b5 10. O-O Bb7 11. a4 Nf6 12. Ng3 O-O 13. e5 Nd5 14. Qe2 b4 15. c4 Nc7 16. f4 d6 17. Be3 dxe5 18. fxe5 Bxe5 19. Rad1 Qc8 20. Bh6 Bg7 21. Bxg7 Kxg7 22. Qxe7 Ne6 23. Qf6+ Kg8 24. Kh1 Qd8 25. Qe5 Qc7 26. Qf6 Rad8 27. h4 Qxg3 0-1


[Site "https://www.chess.com"]

[Event "Titled Tuesday Blitz March 07 Early 2023"]
[White "Fernandez Siles, Luis"]
[Black "Winkels, Marcel"]
[WhiteFideId "2209420"]
[BlackFideId "1003887"]
[WhiteElo "2186"]
[BlackElo "1900"]
[Result "1-0"]
[Round "03"]
[TimeControl "180+2"]
[Date "2023.03.07"]
[WhiteClock "0:00:29"]
[BlackClock "0:00:44"]

1. d4 Nf6 2. c4 g6 3. Nc3 d5 4. cxd5 Nxd5 5. Bd2 Bg7 6. e4 Nxc3 7. Bxc3 O-O 8. Qd2 e5 9. dxe5 Qxd2+ 10. Kxd2 Nc6 11. f4 Rd8+ 12. Ke3 Bf8 13. Bc4 Bc5+ 14. Kf3 h5 15. h3 Nd4+ 16. Kg3 b5 17. Bd5 c6 18. Bxd4 Bxd4 19. Bxc6 Rb8 20. Nf3 Bxb2 21. Rad1 Be6 22. Rxd8+ Rxd8 23. Rb1 Bc3 24. Rxb5 Bxa2 25. Bd5 Bxd5 26. exd5 a5 27. d6 a4 28. Rb7 a3 29. Ra7 Bb2 30. Ng5 Bd4 31. Rxa3 f6 32. Ne6 1-0


[Site "https://www.chess.com"]

[Event "Titled Tuesday Blitz March 07 Early 2023"]
[White "Ocido, Michael"]
[Black "Johnson, Ben"]
[WhiteFideId "115201920"]
[BlackFideId "2010917"]
[WhiteElo "2340"]
[BlackElo "2153"]
[Result "1-0"]
[Round "03"]
[TimeControl "180+2"]
[Date "2023.03.07"]
[WhiteClock "0:00:48"]
[BlackClock "0:00:38"]

1. d4 Nf6 2. c4 e6 3. Nc3 Bb4 4. e3 O-O 5. Ne2 d5 6. a3 Be7 7. Ng3 dxc4 8. Bxc4 c5 9. O-O Nc6 10. dxc5 Qxd1 11. Rxd1 Bxc5 12. b4 Be7 13. Bb2 Rd8 14. Rxd8+ Bxd8 15. Rd1 Bc7 16. Nb5 Bb8 17. Nd6 Bc7 18. b5 Ne7 19. Bxf6 gxf6 20. Ne8 Be5 21. Rd8 h6 22. Nc7+ 1-0


[Site "https://www.chess.com"]

[Event "Titled Tuesday Blitz March 07 Early 2023"]
[White "Seletsky, Grigory"]
[Black "Tarnowska, Aleksandra"]
[WhiteFideId "14112191"]
[BlackFideId "1180967"]
[WhiteElo "2490"]
[BlackElo "1776"]
[Result "1/2-1/2"]
[Round "03"]
[TimeControl "180+2"]
[Date "2023.03.07"]
[WhiteClock "0:00:03"]
[BlackClock "0:00:03"]

1. e4 c5 2. Nf3 e6 3. d3 a6 4. g3 d6 5. Bg2 Nf6 6. O-O Be7 7. Re1 O-O 8. c3 b5 9. e5 Nd5 10. d4 cxd4 11. cxd4 dxe5 12. dxe5 Bb7 13. a3 Nd7 14. Nbd2 Rc8 15. Ne4 Nc5 16. Nxc5 Bxc5 17. b4 Bb6 18. Bb2 Nc3 19. Bxc3 Rxc3 20. Qe2 Qc7 21. Red1 Rc2 22. Rd2 Rxd2 23. Qxd2 Bxf3 24. Bxf3 Qxe5 25. Re1 Qd4 26. Qxd4 Bxd4 27. Bb7 Bb2 28. Re3 Bd4 29. Rd3 Rd8 30. Kf1 Rd6 31. Bxa6 Rxa6 32. Rxd4 g6 33. Rd8+ Kg7 34. Rb8 Rxa3 35. Rxb5 Ra2 36. h4 Kf6 37. Kg2 h5 38. Rb7 Rb2 39. b5 e5 40. Kf3 Ke6 41. Rb6+ Kf5 42. Rb7 Rb3+ 43. Ke2 f6 44. b6 Ke6 45. Rb8 Kd7 46. Rg8 Rxb6 47. Rxg6 Rb2+ 48. Kf3 Ke6 49. Rh6 Rb3+ 50. Kg2 Kf5 51. Rxh5+ Kg6 52. Rh8 Rb2 53. Re8 Rb3 54. g4 Rb4 55. Kg3 Rb3+ 56. f3 Rb1 57. h5+ Kg7 58. Re7+ Kf8 59. Rb7 Rg1+ 60. Kf2 Rh1 61. Ke3 Re1+ 62. Kd3 Kg8 63. h6 Kh8 64. h7 Rh1 65. Ke4 Rxh7 66. Rb8+ Kg7 67. Kf5 Rh3 68. Rb7+ Kf8 69. Kxf6 Rxf3+ 70. Kxe5 Kg8 71. g5 Rf1 72. Ke6 Kf8 73. g6 Kg8 74. Rd7 Rf2 75. Rf7 Re2+ 76. Kf5 Rf2+ 77. Ke6 Re2+ 78. Kf6 Rf2+ 79. Ke7 Re2+ 80. Kd7 Rg2 81. Rf6 Kg7 82. Re6 Rxg6 83. Rxg6+ Kxg6 1/2-1/2


[Site "https://www.chess.com"]

[Event "Titled Tuesday Blitz March 07 Early 2023"]
[White "Chemin, Justo Reinaldo"]
[Black "Kostiukov, Alexandr"]
[WhiteFideId "2101580"]
[BlackFideId "14108100"]
[WhiteElo "1940"]
[BlackElo "2202"]
[Result "0-1"]
[Round "03"]
[TimeControl "180+2"]
[Date "2023.03.07"]
[WhiteClock "0:00:02"]
[BlackClock "0:00:59"]

1. d4 g6 2. e4 Bg7 3. Nf3 c5 4. Nc3 cxd4 5. Nxd4 Nc6 6. Be3 Nf6 7. f3 O-O 8. Qd2 d5 9. Nxc6 bxc6 10. e5 Nd7 11. f4 e6 12. Be2 c5 13. Bf2 Rb8 14. b3 Qa5 15. Ne4 Qxd2+ 16. Nxd2 f6 17. exf6 Bxf6 18. O-O-O a5 19. Bg4 Re8 20. Rhe1 Kf7 21. Nf3 Bc3 22. Re2 h6 23. h4 a4 24. h5 Nf6 25. hxg6+ Kxg6 26. Ne5+ Bxe5 27. fxe5 Nxg4 28. Bxc5 Ba6 0-1


[Site "https://www.chess.com"]

[Event "Titled Tuesday Blitz March 07 Early 2023"]
[White "Pesotskiy, Mikhail"]
[Black "ritanovikova"]
[WhiteFideId "34164453"]
[WhiteElo "2131"]
[BlackElo "2126"]
[Result "1-0"]
[Round "03"]
[TimeControl "180+2"]
[Date "2023.03.07"]
[WhiteClock "0:00:53"]
[BlackClock "0:00:09"]

1. d4 d5 2. c4 e6 3. Nc3 Nf6 4. cxd5 exd5 5. Bg5 Be7 6. e3 h6 7. Bf4 Bd6 8. Bxd6 Qxd6 9. Bd3 a6 10. Nge2 O-O 11. O-O Nc6 12. Rc1 Ne7 13. Ng3 c6 14. Qd2 Re8 15. Na4 Be6 16. Nc5 Rab8 17. Qb4 Qc7 18. Nxe6 fxe6 19. e4 Qf4 20. e5 Nd7 21. Ne2 Qh4 22. Qd2 c5 23. f4 c4 24. Bb1 Rf8 25. Ng3 g6 26. Qb4 Rxf4 27. Qd6 Nf8 28. Qxb8 Rxd4 29. Qxf8+ 1-0


[Site "https://www.chess.com"]

[Event "Titled Tuesday Blitz March 07 Early 2023"]
[White "Fathy, Elameir"]
[Black "Larina, Maria"]
[WhiteFideId "10600396"]
[BlackFideId "24113182"]
[WhiteElo "2311"]
[BlackElo "1848"]
[Result "1-0"]
[Round "03"]
[TimeControl "180+2"]
[Date "2023.03.07"]
[WhiteClock "0:00:31"]
[BlackClock "0:00:41"]

1. d4 f5 2. c4 Nf6 3. Nf3 g6 4. g3 Bg7 5. Bg2 O-O 6. O-O d6 7. Nc3 Nc6 8. b3 e5 9. dxe5 dxe5 10. Ba3 Re8 11. Qxd8 Rxd8 12. Nb5 Ne8 13. Rad1 Bd7 14. e4 a6 15. Nc3 Nd4 16. Nd5 Be6 17. Ne7+ Kh8 18. Ng5 Bg8 19. exf5 gxf5 20. Bxb7 Rab8 21. Bd5 h6 22. Ng6# 1-0


[Site "https://www.chess.com"]

[Event "Titled Tuesday Blitz March 07 Early 2023"]
[White "Dwilewicz, Katarzyna"]
[Black "Latreche, Khadidja"]
[WhiteFideId "1148486"]
[BlackFideId "7901780"]
[WhiteElo "2065"]
[BlackElo "1869"]
[Result "1-0"]
[Round "03"]
[TimeControl "180+2"]
[Date "2023.03.07"]
[WhiteClock "0:00:17"]
[BlackClock "0:00:22"]

1. e4 c5 2. Nf3 e6 3. g3 Nc6 4. Bg2 g6 5. O-O Bg7 6. c3 Nge7 7. d4 cxd4 8. cxd4 d5 9. e5 O-O 10. Nc3 a6 11. Bf4 b5 12. Qd2 Qb6 13. Rac1 Bb7 14. Rfd1 Rac8 15. h4 f6 16. exf6 Bxf6 17. Bg5 Nf5 18. Ne2 Ncxd4 19. Nexd4 Rxc1 20. Rxc1 Nxd4 21. Bxf6 Nxf3+ 22. Bxf3 Rxf6 23. Bg2 Rf7 24. h5 Kg7 25. h6+ Kf6 26. Qf4+ Ke7 27. Rc7+ Qxc7 28. Qxc7+ Kf6 29. Qf4+ Ke7 30. Qe5 Bc6 31. Kf1 Rf5 32. Qh8 Rf7 33. Ke1 Kd6 34. f4 Kc5 35. Qg7 Be8 36. Qc3+ Kb6 37. Kd2 a5 38. Qd4+ Ka6 39. Qe5 Bd7 40. Qd6+ Kb7 41. a3 Kc8 42. Qc5+ Kb8 43. Qb6+ Kc8 44. Qxa5 e5 45. Qc3+ Kb7 46. Bxd5+ Kb6 47. Bxf7 exf4 48. Qd4+ Ka5 49. b4+ Ka4 50. Qc3 fxg3 51. Qb3# 1-0


[Site "https://www.chess.com"]

[Event "Titled Tuesday Blitz March 07 Early 2023"]
[White "Pissama Ntsaou, Martial"]
[Black "Dishman, Stephen"]
[WhiteFideId "17400864"]
[BlackFideId "403024"]
[WhiteElo "2063"]
[BlackElo "2204"]
[Result "0-1"]
[Round "03"]
[TimeControl "180+2"]
[Date "2023.03.07"]
[WhiteClock "0:00:09"]
[BlackClock "0:00:13"]

1. e4 c5 2. Nf3 g6 3. c4 Nc6 4. d4 cxd4 5. Nxd4 Nf6 6. Nc3 d6 7. Be2 Nxd4 8. Qxd4 Bg7 9. Be3 O-O 10. Qd2 a5 11. b3 a4 12. O-O Qa5 13. f3 Bd7 14. Rac1 axb3 15. axb3 Rfc8 16. Kh1 Bc6 17. f4 Nxe4 18. Nxe4 Bxe4 19. Bf3 Qxd2 20. Bxd2 Bxf3 21. Rxf3 Ra2 22. Bc3 Rca8 23. h3 Bxc3 24. Rfxc3 Rb2 25. Re3 Raa2 26. Rxe7 Rxg2 27. Rxb7 Rh2+ 28. Kg1 Rag2+ 29. Kf1 Rg3 30. Re1 Rh1+ 31. Kf2 Rgxh3 32. Re8+ Kg7 33. Ree7 R1h2+ 34. Kg1 g5 35. Rxf7+ Kg6 36. Rg7+ Kf5 37. Rxg5+ Kxf4 38. Rgg7 Rh1+ 39. Kg2 R1h2+ 40. Kg1 Rb2 41. Rxh7 Rc3 42. Rh4+ Kg5 0-1


[Site "https://www.chess.com"]

[Event "Titled Tuesday Blitz March 07 Early 2023"]
[White "Vlasak, Lukas"]
[Black "Kriti Mayur Patel"]
[WhiteFideId "324752"]
[BlackFideId "35061780"]
[WhiteElo "2345"]
[BlackElo "1306"]
[Result "1-0"]
[Round "03"]
[TimeControl "180+2"]
[Date "2023.03.07"]
[WhiteClock "0:01:00"]
[BlackClock "0:00:13"]

1. e4 e5 2. Nf3 Nc6 3. Bb5 a6 4. Ba4 Nf6 5. O-O b5 6. Bb3 Bc5 7. d3 d6 8. a4 Rb8 9. axb5 axb5 10. h3 h6 11. Nc3 O-O 12. Ne2 Ne7 13. Ng3 Ng6 14. d4 exd4 15. Nxd4 Re8 16. Nc6 Qd7 17. Nxb8 Qd8 18. Nc6 Qd7 19. Nd4 Nxe4 20. Nxe4 Rxe4 21. Nf3 Qf5 22. Re1 Bb7 23. Rxe4 Bxe4 24. Be3 Bb6 25. Bxb6 cxb6 26. Ra7 d5 27. Nd4 Qg5 28. Qg4 Qc1+ 29. Kh2 Nf4 30. Nf5 Ne6 31. Nd6 Ng5 32. Nxe4 Nxe4 33. Ra8+ Kh7 34. Qf5+ g6 35. Qxf7# 1-0


[Site "https://www.chess.com"]

[Event "Titled Tuesday Blitz March 07 Early 2023"]
[White "Buscar, Michael"]
[Black "Necula, Iulian"]
[WhiteFideId "2603616"]
[BlackFideId "1232380"]
[WhiteElo "2010"]
[BlackElo "1790"]
[Result "1-0"]
[Round "03"]
[TimeControl "180+2"]
[Date "2023.03.07"]
[WhiteClock "0:00:21"]
[BlackClock "0:00:08"]

1. Nf3 d6 2. b3 e5 3. Bb2 Nf6 4. c4 Be7 5. e3 O-O 6. d3 Bg4 7. Be2 Nc6 8. Nbd2 Re8 9. a3 a5 10. Nf1 h6 11. Ng3 Bf8 12. h3 Be6 13. O-O Ne7 14. Qc2 Nf5 15. e4 Nxg3 16. fxg3 Nh5 17. Kh2 c5 18. Nxe5 dxe5 19. Bxh5 Qg5 20. Be2 Bd6 21. Bc1 Qg6 22. Be3 b6 23. Qd2 f5 24. exf5 Bxf5 25. g4 e4+ 26. Kh1 Bd7 27. dxe4 Bc6 28. Bf4 Bxf4 29. Rxf4 Rad8 30. Qc3 Rxe4 31. Raf1 Rxe2 32. R4f2 Rdd2 33. Qxd2 Rxd2 34. Rxd2 Qe4 35. a4 Kh7 36. Rb2 g6 37. Rf7+ Kg8 38. Rbf2 h5 39. g5 Qe1+ 40. Rf1 Qe5 41. Rf8+ Kh7 42. R1f7+ Qg7 43. Rxg7+ Kxg7 44. Rb8 1-0


[Site "https://www.chess.com"]

[Event "Titled Tuesday Blitz March 07 Early 2023"]
[White "Vanek, Tomas"]
[Black "Liu, Kelsey"]
[WhiteFideId "313459"]
[BlackFideId "30944481"]
[WhiteElo "2052"]
[BlackElo "2310"]
[Result "1-0"]
[Round "03"]
[TimeControl "180+2"]
[Date "2023.03.07"]
[WhiteClock "0:01:15"]
[BlackClock "0:00:55"]

1. d4 Nf6 2. Bg5 c5 3. d5 Qb6 4. Nc3 h6 5. Bc1 d6 6. e4 Nbd7 7. f4 e6 8. dxe6 fxe6 9. Nf3 Be7 10. e5 dxe5 11. Nxe5 Nxe5 12. fxe5 Nd5 13. Qh5+ Kd8 14. Bc4 Nxc3 15. bxc3 Bd7 16. O-O Qc6 17. Qg6 Kc7 18. Rf7 Rae8 19. Be3 b5 20. Be2 Bg5 21. Bxg5 hxg5 22. Bf3 Qb6 23. Qxg7 c4+ 24. Kh1 1-0


[Site "https://www.chess.com"]

[Event "Titled Tuesday Blitz March 07 Early 2023"]
[White "Tharushi, T H D Niklesha"]
[Black "Sovetbekova, Nurai"]
[WhiteFideId "9918264"]
[BlackFideId "13801910"]
[WhiteElo "1596"]
[BlackElo "1857"]
[Result "0-1"]
[Round "03"]
[TimeControl "180+2"]
[Date "2023.03.07"]
[WhiteClock "0:00:02"]
[BlackClock "0:00:13"]

1. d4 Nf6 2. c4 g6 3. Nc3 d5 4. cxd5 Nxd5 5. e4 Nxc3 6. bxc3 Bg7 7. Be3 c5 8. Bc4 O-O 9. Ne2 Nc6 10. O-O Na5 11. Bb3 b6 12. Rc1 Qc7 13. Bd5 Rb8 14. Bf4 e5 15. Bg3 Nc6 16. dxe5 Nxe5 17. f4 Ng4 18. Qd3 b5 19. h3 c4 20. Qd2 Nf6 21. Kh2 Nxd5 22. exd5 Bf5 23. Nd4 Qd7 24. Nc6 Rbc8 25. Rcd1 Bd3 26. Rfe1 Rfe8 27. Rxe8+ Rxe8 28. Re1 Bf6 29. Nb4 Rxe1 30. Qxe1 Be7 31. Nxd3 cxd3 32. Qe4 d2 33. Qd4 Bd6 34. Qxd2 Qf5 35. Qd4 h5 36. Qxa7 h4 37. Qa8+ Kg7 0-1


[Site "https://www.chess.com"]